 Dungeon Crawl Stone Soup version 0.19.5 (webtiles) character file.

513 Jerry the Covered (level 7, 0/44 HPs)
             Began as a Gargoyle Fighter on Apr 26, 2017.
             Was an Initiate of Okawaru.
             Slain by toffzen's ghost (2 damage)
             ... on level 4 of the Dungeon.
             The game lasted 00:09:54 (3911 turns).

Jerry the Covered (Gargoyle Fighter)                Turns: 3911, Time: 00:09:55

Health: 0/44       AC: 13    Str: 25    XL:     7   Next: 19%
Magic:  8/8        EV:  8    Int:  8    God:    Okawaru [......]
Gold:   284        SH: 10    Dex: 11    Spells: 0 memorised, 6 levels left

rFire  . . .     SeeInvis .     a - +0 flail
rCold  . . .     Gourm    +     b - +0 scale mail
rNeg   + . .     Faith    .     c - +0 shield
rPois  ∞         Spirit   .     g - +0 helmet
rElec  +         Reflect  .     (no cloak)
rCorr  +         Harm     .     (no gloves)
MR     .....                    (no boots)
Stlth  ..........               x - amulet of the gourmand
                                (no ring)
                                v - ring of resist corrosion (curse)

@: mighty, liquid flames, glowing
A: negative energy resistance 1, electricity resistance, unbreathing,
petrification resistance, rot immunity, AC +4
a: Renounce Religion


You were on level 4 of the Dungeon.
You worshipped Okawaru.
Okawaru was noncommittal.
You were not hungry.

You visited 1 branch of the dungeon, and saw 4 of its levels.

You collected 284 gold pieces.

Inventory:

Hand Weapons
 a - a +0 flail (weapon)
Missiles
 n - 7 poisoned needles
Armour
 b - a +0 scale mail (worn)
 c - a +0 shield (worn)
 g - a +0 helmet (worn)
Jewellery
 v - a cursed ring of resist corrosion (left hand)
 x - an amulet of the gourmand (around neck)
Scrolls
 j - a scroll of remove curse
 m - 3 scrolls of identify
 u - a scroll of amnesia
Potions
 d - a potion of might
 e - 2 potions of brilliance {unknown}
 i - a potion of curing {unknown}
 l - 3 potions of degeneration {unknown}
 p - 2 potions of mutation {unknown}
Comestibles
 f - 2 bread rations
 h - 3 meat rations
 k - a royal jelly
 q - 2 beef jerkies


   Skills:
 + Level 4.5 Fighting
 * Level 4.6 Maces & Flails
 + Level 5.2 Armour
 + Level 4.8 Shields
 + Level 1.4 Invocations


You had 6 spell levels left.
You didn't know any spells.

Dungeon Overview and Level Annotations

Branches:
Dungeon (4/15)
 Temple: D:4-7

Altars:
Ashenzari
Elyvilon
Fedhas
Okawaru
Zin

Annotations:
D:4 toffzen's ghost, amateur DgFE


Innate Abilities, Weirdness & Mutations

You are resistant to torment.
Your stone body is resilient. (AC +4)
You are immune to poison.
You resist negative energy. (rN+)
You are resistant to electric shocks. (rElec)
You can survive without breathing.
You are immune to petrification.
You are immune to rotting.


Message History

You barely miss the orc priest.
The orc priest is almost dead.
You block toffzen's ghost's attack.
The orc priest hits you but does no damage.
Toffzen's ghost closely misses you.
You feel very mighty all of a sudden. You block the orc priest's attack.
You block toffzen's ghost's attack.
You bludgeon the orc priest!!
You kill the orc priest!
Okawaru accepts your kill.
Toffzen's ghost hits you but does no damage.
You closely miss toffzen's ghost.
Toffzen's ghost sprays you with burning goo.
The sticky flame hits you!
You are covered in liquid flames!
You miss toffzen's ghost.
You are covered in liquid flames!
* * * LOW HITPOINT WARNING * * *
You block toffzen's ghost's attack. Toffzen's ghost hits you.
You die... ... ###.. ....# ....# .... oo#

..# ##W# #.... #@)#
.## #.....
..#####?## ..
......# ........#
##.# #.....#
#....?..## #..#
#.....
#..####..###.#
#..... .. ##.....#
#.... #......#
#....
#...#..#######....
#...###............


You could see an orc priest, toffzen's ghost and an orc.

Vanquished Creatures
  The ghost of smzp the Charmwright, an amateur HESk (D:3)
  A bullfrog zombie (D:4)
  2 orc priests (D:4)
  5 orc wizards
  A worker ant (D:4)
  Robin (D:2)
  5 adders
  4 worms
  A dart slug (D:1)
  A leopard gecko (D:2)
  11 orcs
  12 bats
  4 giant cockroaches
  14 hobgoblins
  8 jackals
  4 quokkas
  A ball python (D:1)
  6 frilled lizards
  14 goblins
  9 kobolds
  A quokka skeleton (D:4)
  6 rats
112 creatures vanquished.

Notes
Turn   | Place    | Note
-------+----------+-------------------------------------------
     0 | D:1      | Jerry the Gargoyle Fighter began the quest for the Orb.
     0 | D:1      | Reached XP level 1. HP: 14/14 MP: 1/1
    64 | D:1      | Reached XP level 2. HP: 17/19 MP: 2/2
   418 | D:1      | Reached XP level 3. HP: 23/23 MP: 3/3
   953 | D:2      | Noticed Robin
  1258 | D:2      | Killed Robin
  1258 | D:2      | Reached skill level 4 in Armour
  1258 | D:2      | Reached XP level 4. HP: 16/28 MP: 4/4
  2203 | D:3      | Reached XP level 5. HP: 25/33 MP: 5/5
  2299 | D:3      | Noticed smzp's ghost (amateur HESk)
  2310 | D:3      | Killed smzp's ghost
  2419 | D:3      | Reached XP level 6. HP: 27/38 MP: 6/6
  2706 | D:3      | Found a white marble altar of Elyvilon.
  2714 | D:3      | Found an iron altar of Okawaru.
  2714 | D:3      | Found a glowing silver altar of Zin.
  2715 | D:3      | Found a blossoming altar of Fedhas.
  2722 | D:3      | Became a worshipper of Warmaster Okawaru
  3154 | D:3      | Found a shattered altar of Ashenzari.
  3289 | D:3      | Reached skill level 1 in Invocations
  3588 | D:4      | Reached skill level 5 in Armour
  3711 | D:4      | Reached XP level 7. HP: 25/44 MP: 7/7
  3899 | D:4      | Noticed toffzen's ghost (amateur DgFE)
  3911 | D:4      | HP: 2/44 [burnt (4)]
  3911 | D:4      | Slain by toffzen's ghost

Skill      XL: |  1  2  3  4  5  6 |
---------------+-------------------+-----
Armour         | 4 5 |  5.2
Maces & Flails | 3 4 |  4.6
Shields        | 4 |  4.8
Fighting       | 4 |  4.5
Invocations    | 1 |  1.4

Action                   |  1- 3 |  4- 6 |  7- 9 || total
-------------------------+-------+-------+-------++-------
Melee: Flail             |   177 |   292 |    18 ||   487
  Use: Scroll            |       |     7 |       ||     7
       Potion            |       |     2 |     1 ||     3
  Eat: Chunk             |     1 |    16 |     2 ||    19
Armor: Scale mail        |   141 |   154 |    11 ||   306
Dodge: Dodged            |    94 |    58 |     5 ||   157
Block: Shield            |   136 |   130 |    10 ||   276
